 Dungeon Crawl Stone Soup version 0.30-a0-421-g7324886 (webtiles) character file.

Game seed: 14615992576774767506

5306 Dorkslayer the Trooper (level 10, -1/63 HPs)
             Began as a Gargoyle Fighter on Dec 8, 2022.
             Was an Initiate of Gozag.
             Killed by an exploding orc (33 damage)
             ... ignited by their inner flame
             ... on level 9 of the Dungeon.
             The game lasted 00:23:56 (8232 turns).

Dorkslayer the Trooper (Gargoyle Fighter)           Turns: 8232, Time: 00:23:57

Health: -1/63      AC: 18    Str: 19    XL:     10   Next: 64%
Magic:  14/14      EV: 12    Int: 10    God:    Gozag
Gold:   2128       SH:  5    Dex: 13    Spells: 15/15 levels left

rFire   . . .      SeeInvis .    s - +2 war axe
rCold   . . .      Faith    .    c - +0 buckler
rNeg    + . .      Spirit   .    n - +0 chain mail
rPois   ∞          Reflect  .    (no helmet)
rElec   +          Harm     .    (no cloak)
rCorr   .          Rampage  .    (no gloves)
Will    .....                    u - +0 pair of boots
Stlth   ..........               (no amulet)
HPRegen 0.30/turn                i - +4 ring of evasion
MPRegen 0.14/turn                p - ring of flight

@: mighty, gold aura, flying, hasted, very quick
A: sickness immunity, AC +7, negative energy resistance 1, electricity
resistance, torment resistance 1, petrification resistance
a: Renounce Religion, Potion Petition, Call Merchant, Bribe Branch


You were on level 9 of the Dungeon.
You worshipped Gozag.
Gozag was most pleased with you.
You visited 2 branches of the dungeon, and saw 10 of its levels.
You also visited: Ossuary.

You collected 2235 gold pieces.
You paid 107 gold pieces to Gozag.

Inventory:

Hand Weapons
 a - a +0 flail
 b - a +2 falchion of freezing
 g - a +0 sling
 k - a +2 short sword of freezing
 s - a +2 war axe (weapon)
 J - a +2 scimitar
Missiles
 t - 5 boomerangs (quivered)
Armour
 c - a +0 buckler (worn)
 n - a +0 chain mail (worn)
 u - a +0 pair of boots (worn)
Jewellery
 i - a +4 ring of evasion (left hand)
 p - a ring of flight (right hand)
 w - a +6 ring of intelligence
Wands
 e - a wand of digging (2)
Scrolls
 d - 2 scrolls of amnesia
 f - a scroll of magic mapping
 q - 2 scrolls of blinking
 x - a scroll of enchant weapon
 y - 2 scrolls of teleportation
 D - 2 scrolls of fear
 G - a scroll of butterflies
 H - a scroll of poison
Potions
 j - a potion of magic
 l - 2 potions of flight
 m - a potion of invisibility {unknown}
 o - 5 potions of curing
 r - a potion of brilliance
 z - a potion of resistance {unknown}
 A - 2 potions of mutation
 C - a potion of lignification
 I - a potion of cancellation


   Skills:
 * Level 7.0 Fighting
 - Level 6.5 Short Blades
 * Level 6.6(6.8) Axes
 + Level 2.4(5.2) Maces & Flails
 + Level 3.7 Ranged Weapons
 + Level 0.1 Throwing
 + Level 6.1 Armour
 * Level 4.3 Dodging
 + Level 0.5 Stealth
 + Level 5.3 Shields
 + Level 3.1 Spellcasting


You had 15 spell levels left.
You didn't know any spells.
Your spell library contained the following spells:

 Spells                   Type           Power      Damage    Failure   Level
 Necrotise                Necr           4%         1d4       98%         1
 Shock                    Conj/Air       4%         1d3       98%         1
 Gell's Gravitas          Tloc           1%         N/A       100%        3
 Swiftness                Air            1%         N/A       100%        3
 Teleport Other           Tloc           1%         N/A       100%        3
 Vampiric Draining        Necr           1%         2d6       100%        3
 Airstrike                Air            0%         2d(1-17)  100%        4
 Passage of Golubria      Tloc           1%         N/A       100%        4
 Agony                    Necr           1%         N/A       100%        5
 Silence                  Hex/Air        0%         N/A       100%        5
 Dispersal                Tloc           0%         N/A       100%        6
 Lehudib's Crystal Spear  Conj/Erth      0%         10d2      100%        8


Dungeon Overview and Level Annotations

Branches:
Dungeon (9/15)             Temple (1/1) D:5            Lair (0/5) D:9
Ossuary (visited)
    Orc: D:9-12

Altars:
Ashenzari
Cheibriados
Dithmenos
Elyvilon
Fedhas
Gozag
Hepliaklqana
Kikubaaqudgha
Makhleb
Nemelex Xobeh
Okawaru
Qazlal
Ru
Sif Muna
Trog
Uskayaw
Vehumet
Xom
Yredelemnul
The Shining One
Jiyva

Annotations:
D:5 1 runed translucent door


Innate Abilities, Weirdness & Mutations

You are immune to sickness and miasma.
Your stone body is resilient. (AC +7)
You are immune to poison.
You resist negative energy. (rN+)
You are resistant to electric shocks. (rElec)
You are resistant to unholy torment.
You are immune to petrification.


Message History

An ice beast comes into view.
The acid dragon is no longer distracted by gold.
The ice beast is distracted by your dazzling golden aura. x2
Throw: 5 boomerangs
Press: ? - help, Q - select action, (/) - cycle Shift-Dir - straight line, f/p - wolf
Aim: a wolf (almost dead, unaware, hasn't noticed you, 42% to hit)
You throw a boomerang. The wolf howls!
The bullfrog croaks.
The boomerang hits the orc warrior.
Flame seeps out of the orc warrior.
The orc warrior is lightly wounded.
The orc warrior is engulfed in blazing flames.
Flame seeps out of the orc warrior.
Unknown command.
Unknown command.
Unknown command.
Found a leather armour.
The wolf is no longer distracted by gold.
The bullfrog is no longer distracted by gold.
The orc is distracted by your dazzling golden aura.
The orc priest looks braver for a moment.
The orc warrior is distracted by your dazzling golden aura.
The orc warrior shouts!
The orc shouts!
You hit the ice beast.
Flame seeps out of the ice beast.
The ice beast is lightly wounded.
Unknown command.
The ice beast is no longer distracted by gold.
The two-headed ogre is distracted by your dazzling golden aura.
The ice beast is engulfed in blazing flames.
Flame seeps out of the ice beast.
The ice beast is distracted by your dazzling golden aura.
The wolf is distracted by your dazzling golden aura.
The two-headed ogre shouts in stereo!
You slash the orc!
The orc explodes!
The fiery explosion engulfs you!!
Ouch! That really hurt!
You die...
Your body crumbles into a pile of gold.

..#.......
..#....... ##
....[....####.##
#.......#.#...#
##.......#.....#
..$.........$...
##.............
#....§@§....#
......§§§..###
$.....§§Yo##
....$..Yo.#
........hD###
.......{FY...#
.......$.Oh.Y.##
....~o#...o....##
......##........#


You could see a two-headed ogre (inner flame), an orc warrior (inner flame), an
acid dragon (inner flame), 4 ice beasts, 2 wolves, a bullfrog (inner flame), an
orc priest (inner flame) and 2 orcs.

Vanquished Creatures
  A rime drake (D:9)
  3 redbacks (D:5)
  Edmund (D:5)
  An acid dragon (D:8)
  4 water moccasins
  A black bear (D:6)
  An orc warrior (D:5)
  A sky beast (D:8)
  2 ice beasts
  2 wolves (D:9)
  4 centaurs
  2 kobold brigands
  Blork the orc (D:6)
  3 bullfrogs
  A gnoll sergeant (D:5)
  7 scorpions
  3 necrophages (D:4)
  9 wights (D:8)
  9 killer bees (D:5)
  3 howler monkeys
  A gnoll bouda (D:6)
  5 hounds
  7 jellies
  An orc priest (D:7)
  2 iguanas
  2 orc wizards
  Natasha (twice) (D:2)
  11 mummies (Ossuary)
  12 gnolls
  12 adders
  A shadow imp (D:7)
  2 ufetubi (D:4)
  2 worms (D:3)
  2 dart slugs
  13 orcs
  4 ball pythons
  5 endoplasms
  3 giant cockroaches
  9 goblins
  A hobgoblin (D:2)
  8 jackals
  18 kobolds
  3 quokkas
  2 bats (D:1)
  3 frilled lizards
  3 gnoll skeletons (Ossuary)
  A goblin skeleton (Ossuary)
  3 kobold skeletons (Ossuary)
  An orc skeleton (Ossuary)
  11 rat skeletons (Ossuary)
209 creatures vanquished.

Vanquished Creatures (others)
  3 fungi (D:4)
  A plant (D:3)
  2 toadstools (D:4)
  A withered plant (D:3)
7 creatures vanquished.

Grand Total: 216 creatures vanquished

Notes
Turn   | Place    | Note
-------+----------+-------------------------------------------
     0 | D:1      | Dorkslayer the Gargoyle Fighter began the quest for the
                  | Orb.
     0 | D:1      | Reached XP level 1. HP: 14/14 MP: 1/1
   112 | D:1      | Reached XP level 2. HP: 19/19 MP: 2/2
  1065 | D:2      | Reached XP level 3. HP: 23/23 MP: 3/3
  1129 | D:2      | Noticed Natasha
  1129 | D:2      | You fall into a shaft and drop 1 floor!
  1163 | D:3      | Found a faded altar of an unknown god.
  1967 | D:2      | Killed Natasha
  1968 | D:2      | Reached XP level 4. HP: 14/29 MP: 4/4
  2298 | D:2      | Noticed Natasha
  2326 | D:2      | Killed Natasha
  2327 | D:2      | Reached skill level 1 in Spellcasting
  2354 | D:3      | Reached skill level 1 in Dodging
  2636 | D:3      | Reached skill level 1 in Ranged Weapons
  2750 | D:3      | Found a burning altar of Makhleb.
  2812 | D:3      | Reached XP level 5. HP: 33/33 MP: 7/7
  2904 | D:3      | Reached skill level 1 in Short Blades
  3359 | D:4      | Found a hide-covered altar of Uskayaw.
  3419 | D:4      | Reached XP level 6. HP: 33/38 MP: 8/8
  3939 | D:5      | Entered Level 5 of the Dungeon
  3942 | D:5      | Found a runed translucent door.
  3955 | D:5      | Found a runed translucent gate.
  3957 | D:5      | Found a runed translucent gate.
  3957 | D:5      | Found a runed translucent gate.
  4007 | D:5      | Reached skill level 4 in Fighting
  4007 | D:5      | Reached XP level 7. HP: 31/43 MP: 10/10
  4064 | D:5      | Noticed Edmund
  4085 | D:5      | Killed Edmund
  4223 | D:5      | Reached XP level 8. HP: 26/48 MP: 11/11
  4261 | D:5      | Found a runed translucent door.
  4305 | D:5      | Found the +9 staff of Olgreb {rPois∞}
  4320 | D:5      | Reached skill level 5 in Armour
  4431 | D:5      | Reached skill level 5 in Short Blades
  4513 | D:5      | Reached skill level 5 in Fighting
  4513 | D:5      | Reached XP level 9. HP: 38/54 MP: 13/13
  4891 | D:5      | Found a staircase to the Ecumenical Temple.
  4897 | Temple   | Entered the Ecumenical Temple
  4964 | Temple   | Became a worshipper of Gozag Ym Sagoz the Greedy
  5185 | D:6      | Found a sand-covered staircase.
  5201 | Ossuary  | Entered an ossuary
  5247 | Ossuary  | Reached skill level 1 in Axes
  5768 | D:6      | Reached skill level 6 in Fighting
  5819 | D:6      | Noticed Blork the orc
  5834 | D:6      | Killed Blork the orc
  6353 | D:7      | Reached skill level 5 in Shields
  6367 | D:7      | Reached XP level 10. HP: 39/61 MP: 14/14
  7300 | D:8      | Found a viscous altar of Jiyva.
  7538 | D:8      | Reached skill level 5 in Axes
  7809 | D:8      | Identified a scroll of acquirement
  7810 | D:8      | Acquired 1085 gold pieces
  8199 | D:9      | Reached skill level 7 in Fighting
  8204 | D:9      | Found a staircase to the Lair.
  8205 | D:9      | Noticed a two-headed ogre
  8232 | D:9      | Killed by an exploding orc... ignited by their inner flame

Illustrated notes

Levels and vault maps discovered:
D:1:      eino_arrival_cavern_c, layout_basic, dk_noncrumbling_3,
          minmay_misc_feat_tower
D:2:      layout_basic, uniq_natasha
D:3:      wander_river, layout_loops_ring, mainiacjoe_overflow_chevrons,
          shapermc_ecumenical_altar_flowoftime
D:4:      layout_basic, mainiacjoe_overflow_catwalk, minmay_gold_behind_fungi
D:5:      layout_rooms, minmay_temple_entry_fiery, minmay_curled_crystal,
          minmay_guarded_unrand_staff_of_olgreb, uniq_edmund
D:6:      layout_loops_ring, nicolae_ossuary_entry_false_entrances,
          uniq_blork_the_orc
D:7:      layout_gridville, feat_on_display
D:8:      layout_cave_pods, jiyva_altar_1
D:9:      layout_cave_pools, hellmonk_lair_entry_icy, uniq_maggie
Temple:   nicolae_temple_bog_church

Skill      XL: |  1  2  3  4  5  6  7  8  9 10 |
---------------+-------------------------------+-----
Spellcasting   | 1 2 3 |  3.1
Dodging        | 1 2 3 4 |  4.3
Ranged Weapons | 1 2 3 |  3.7
Short Blades   | 2 3 4 5 6 |  6.5
Armour         | 4 5 6 |  6.1
Fighting       | 4 5 6 7 |  7.0
Shields        | 4 5 |  5.3
Axes           | 3 6 |  6.6
Maces & Flails | |  2.4
Throwing       | |  0.1
Stealth        | |  0.5

Action                   |  1- 3 |  4- 6 |  7- 9 | 10-12 || total
-------------------------+-------+-------+-------+-------++-------
Melee: Flail             |    69 |       |       |       ||    69
       Short sword       |    57 |   197 |   409 |       ||   663
       War axe           |       |       |   235 |   162 ||   397
Throw: Throwing net      |       |       |     1 |       ||     1
       Boomerang         |       |       |       |     8 ||     8
  Use: Scroll            |       |     4 |    13 |     9 ||    26
       Potion            |       |       |    10 |     4 ||    14
 Stab: Held in net/web   |       |       |     1 |       ||     1
Armor: Scale mail        |    63 |     8 |       |       ||    71
       Chain mail        |       |    76 |   256 |   124 ||   456
Dodge: Dodged            |    73 |    91 |   290 |   109 ||   563
Block: Buckler           |    23 |    34 |   122 |    62 ||   241

Table legend: (Time is in decaauts)
 A = Elapsed time spent in this place.
 B = Non-inter-level travel time spent in this place.
 C = Inter-level travel time spent in this place.
 D = Time resting spent in this place.
 E = Time spent auto-exploring this place.
 F = Levels seen in this place.
 G = Mean time per level.
                   A        B        C        D        E       F      G
               +--------+--------+--------+--------+--------+-----+--------+
         Total |   8264 |   8264 |      0 |    280 |   3608 |  11 |  751.3 |
       Dungeon |   7777 |   7777 |      0 |    280 |   3608 |   9 |  864.1 |
        Temple |     86 |     86 |      0 |      0 |      0 |   1 |   86.0 |
       Ossuary |    399 |    399 |      0 |      0 |      0 |   1 |  399.0 |
               +--------+--------+--------+--------+--------+-----+--------+

Top non-repeatable levels by time:
     D:2: 1252 daAuts
     D:8: 1162 daAuts
     D:1: 1028 daAuts
     D:5: 930 daAuts
     D:3: 890 daAuts
     D:7: 831 daAuts
     D:6: 819 daAuts
     D:4: 811 daAuts
 Ossuary: 399 daAuts
  Temple: 86 daAuts
     D:9: 52 daAuts
